 Dungeon Crawl Stone Soup version 5.4-155-g4a05093 (webtiles) character file.

23 qzeqze the Shooter (level 3, -1/33 HPs)
             Began as a Minotaur Hunter on Apr 7, 2018.
             Slain by Crazy Yiuf
             ... wielding a +3 quarterstaff of chaos
              (13 damage)
             ... on level 2 of the Dungeon.
             The game lasted 00:10:17 (1748 turns).

qzeqze the Shooter (Minotaur Hunter)                Turns: 1748, Time: 00:10:18

Health: -1/33      AC:  3 (14%)Str: 16  XL:     3   Next: 57%
Magic:  3/3        EV: 12    Int:  8    God:
Gold:   141        SH:  0    Dex: 11    Spells: 3/3 levels left

rFire    . . .     SeeInvis .   a - +1 shortbow
rCold    . . .     Faith    .   (shield currently unavailable)
rNeg     . . .     Spirit   .   c - +0 leather armour
rPois    .         Reflect  .   (helmet restricted)
rElec    .                      (no cloak)
rCorr    .                      (no gloves)
MR       .....                  (no boots)
Stlth    +.........             (no amulet)
Regen    0.2/turn               (no ring)
MPRegen  0.2/turn               (no ring)

@: no status effects
A: retaliatory headbutt, horns 2
a: no special abilities


You were on level 2 of the Dungeon.
You were not hungry.

You visited 1 branch of the dungeon, and saw 2 of its levels.

You collected 141 gold pieces.

Inventory:

Hand Weapons
 a - a +1 shortbow (weapon)
 b - a +0 dagger
Missiles
 g - 66 poisoned darts
 i - 110 tomahawks
Armour
 c - a +0 leather armour (worn)
Scrolls
 d - a scroll of teleportation
 e - a scroll of fear
 j - 2 scrolls of enchant weapon
Potions
 f - a potion of augmentation
 h - a potion of cancellation


   Skills:
 - Level 4.0 Fighting
 + Level 5.0 Bows & Xbows
 - Level 2.1 Dodging
 - Level 0.7 Stealth


You had 3 spell levels left.
You didn't know any spells.

Dungeon Overview and Level Annotations

Branches:
Dungeon (2/15)

Altars:
Nemelex Xobeh
Okawaru
Xom
The Shining One

Annotations:
D:2 Crazy Yiuf


Innate Abilities, Weirdness & Mutations

You reflexively headbutt those who attack you in melee.
You have a pair of horns on your head.


Message History

You shoot an arrow. The arrow hits Crazy Yiuf (7)!
Crazy Yiuf is heavily wounded.
Crazy Yiuf says, "Cards!
Lugonu pontify alas."
Crazy Yiuf closely misses you.
Firing (i - inventory):
Press: ? - help, Shift-Dir - straight line, f/p - Crazy Yiuf
Aim: Crazy Yiuf, wielding a +3 quarterstaff of chaos and wearing a +0 cloak (heavily wounded)
Okay, then.
You shoot an arrow. The arrow hits Crazy Yiuf (1).
Crazy Yiuf is heavily wounded.
Crazy Yiuf barely misses you.
Firing (i - inventory):
Press: ? - help, Shift-Dir - straight line, f/p - Crazy Yiuf
Aim: Crazy Yiuf, wielding a +3 quarterstaff of chaos and wearing a +0 cloak (heavily wounded)
Okay, then.
You shoot an arrow.
The arrow hits Crazy Yiuf but does no damage.
Crazy Yiuf is heavily wounded.
Crazy Yiuf hits you with a +3 quarterstaff of chaos (13)!
You die...

#....# #.#
#....# #.#
♣P.PP♣
##.#####
♣...♣♣
##.......
♣♣.♣♣
#.....#.#
♣.♣♣
##....#.#
♣♣.♣
######.#.#.#
♣.♣♣
#..........#
♣♣@♣
######.#.###
#g# #.#....
... #.#####
#...# #.#
#..)# #.#
##### #.#
#.# ### #.#
##.###.#####


You could see Crazy Yiuf.

Vanquished Creatures
  An adder (D:2)
  A quokka (D:2)
  A ball python (D:2)
  2 giant cockroaches
  2 goblins
  6 hobgoblins
  2 jackals (D:1)
  7 kobolds
  5 bats
  5 frilled lizards
  11 rats
  A fungus (D:2)
44 creatures vanquished.

Notes
Turn   | Place    | Note
-------+----------+-------------------------------------------
     0 | D:1      | qzeqze the Minotaur Hunter began the quest for the Orb.
     0 | D:1      | Reached XP level 1. HP: 18/18 MP: 1/1
   180 | D:1      | Reached XP level 2. HP: 26/26 MP: 2/2
   697 | D:1      | Found a sparkling altar of Nemelex Xobeh.
   943 | D:2      | Found a shimmering altar of Xom.
   952 | D:2      | Reached XP level 3. HP: 33/33 MP: 3/3
   994 | D:2      | Found an iron altar of Okawaru.
  1254 | D:2      | Found a glowing golden altar of the Shining One.
  1432 | D:2      | Reached skill level 5 in Bows & Xbows
  1737 | D:2      | Found a runed door.
  1742 | D:2      | Noticed Crazy Yiuf
  1748 | D:2      | Slain by Crazy Yiuf

Skill      XL: |  1  2  3 |
---------------+----------+-----
Fighting       | 3 4 |  4.0
Bows & Xbows   | 5 |  5.0
Dodging        | |  2.1
Stealth        | |  0.7

Action                   || total
-------------------------++-------
Melee: Dagger            ||     9
       Headbutt          ||     2
 Fire: Shortbow          ||    98
Armor: Leather armour    ||     5
Dodge: Dodged            ||    13
